 Dungeon Sprint DCSS version 0.29.1-2-gbd0b4ee654 (webtiles) character file.

Game seed: 262949989070007043

68 Zeld the Magician (level 4, -3/24 HPs)
             Began as a Deep Elf Conjurer on Nov 5, 2022.
             Was an Initiate of Sif Muna.
             Killed from afar by an oklob sapling priest (27 damage)
             ... with a splash of acid
             ... in the Dungeon (Sprint IV: "Fedhas' Mad Dash").
             The game lasted 00:00:40 (563 turns).

Zeld the Magician (Deep Elf Conjurer)                Turns: 563, Time: 00:00:40

Health: -3/24      AC:  2    Str:  4    XL:     4   Next: 1%
Magic:  9/14       EV: 13    Int: 25    God:    Sif Muna [......]
Gold:   43         SH:  0    Dex: 13    Spells: 13/16 levels left

rFire   . . .      SeeInvis .   (no weapon)
rCold   . . .      Faith    .   (no shield)
rNeg    . . .      Spirit   .   a - +0 robe
rPois   .          Reflect  .   (no helmet)
rElec   .          Harm     .   (no cloak)
rCorr   .          Rampage  .   (no gloves)
Will    .....      NoTele   +   (no boots)
Stlth   +++.......              g - amulet of invisibility {+Inv}
HPRegen 0.08/turn               (no ring)
MPRegen 0.14/turn               (no ring)

@: very slightly contaminated
A: no striking features
a: Renounce Religion, Evoke Invisibility


You were in the Dungeon.
You worshipped Sif Muna.
Sif Muna was noncommittal.
You visited 1 branch You collected 43 gold pieces.

Inventory:

Armour
 a - a +0 robe (worn)
Jewellery
 g - the amulet of invisibility (around neck) {+Inv}
   (You found it in the Dungeon)

   [amulet of nothing]

   +Inv:      It lets you turn invisible.
Scrolls
 d - a scroll of enchant armour {unknown}
 h - a scroll of torment {unknown}
Potions
 b - 2 potions of magic
 c - a potion of curing
 e - a potion of haste
 f - a potion of berserk rage


   Skills:
 + Level 4.4 Dodging
 + Level 4.7 Stealth
 * Level 6.6 Spellcasting
 * Level 6.6 Conjurations


You had 13 spell levels left.
You knew the following spells:

 Your Spells              Type           Power      Damage    Failure   Level
a - Magic Dart            Conj           100%       1d8       1%          1
b - Searing Ray           Conj           82%        2d7       1%          2

Your spell library contained the following spells:

 Spells                   Type           Power      Damage    Failure   Level
 Dazzling Flash           Conj/Hex       48%        N/A       5%          3
 Fulminant Prism          Conj/Hex       12%        3d9       19%         4
 Iskenderun's Mystic Bla  Conj/Tloc      24%        2d7       19%         4


Dungeon Overview and Level Annotations

Branches:
Dungeon (1/1)

Altars:
Cheibriados
Dithmenos
Elyvilon
Gozag
Hepliaklqana
Kikubaaqudgha
Makhleb
Nemelex Xobeh
Okawaru
Qazlal
Ru
Sif Muna
Trog
Uskayaw
Vehumet
Wu Jian
Xom
Yredelemnul
Zin
The Shining One
Jiyva
Lugonu

Annotations:
D exclusion: oklob sapling


Message History

You are very lightly contaminated with residual magic.
You are already invisible!
You open the door.
Found ten altars.
Unknown command.
An oklob sapling priest comes into view.
Found three altars.
Marking area around an oklob sapling priest as unsafe for travelling.
There is an open door here.
Found three altars.
Found two altars.
Found three altars.
Found a radiant altar of Vehumet and a corrupted altar of Lugonu.
There is a shimmering blue altar of Sif Muna here.
You kneel at the altar of Sif Muna.
Sif Muna welcomes you!
You flicker for a moment.
Casting: Searing Ray (safe; 1% risk of failure)
Confirm with . or Enter, or press ? or * to list all spells.
Aiming: Searing Ray (safe; 1% risk of failure)
Press: ? - help, Shift-Dir - straight line, f - oklob sapling priest
Aim: an oklob sapling priest (dormant, 100% to hit)
The searing ray hits the oklob sapling priest.
The oklob sapling priest is moderately damaged. (Press . to maintain the ray.) Unknown command.
Press < or > to pray at altars.
The searing ray hits the oklob sapling priest but does no damage.
The oklob sapling priest is moderately damaged.
The searing ray hits the oklob sapling priest.
The oklob sapling priest is moderately damaged.
The searing ray hits the oklob sapling priest.
The oklob sapling priest is heavily damaged.
You finish channelling your searing ray.
You flicker back into view.
There is a sacrificial altar of Ru here.
The oklob sapling priest spits acid at you.
The splash of acid hits you!!
Ouch! That really hurt!
You die...

############################
..P#.....#.$...#.⌠._._._._.⌠
P..÷.....'.#...'.._._._._._.
PPP#.....# #...#@.._._P_._..
########## ##+##.._._._._._.
#._._._._._.⌠ #############


You could see an oklob sapling priest.

Vanquished Creatures
  A scorpion (D)
  A river rat (D)
  A rat (D)
3 creatures vanquished.

Notes
Turn   | Place    | Note
-------+----------+-------------------------------------------
     0 | D        | Zeld the Deep Elf Conjurer began the quest for the Orb.
     0 | D        | Reached XP level 1. HP: 10/10 MP: 6/6
    17 | D        | Reached skill level 5 in Conjurations
    17 | D        | Reached XP level 2. HP: 15/15 MP: 2/9
    21 | D        | Learned a level 2 spell: Searing Ray
   242 | D        | Noticed a scorpion
   242 | D        | Found the amulet of invisibility {+Inv}
   245 | D        | Killed a scorpion
   246 | D        | Reached XP level 3. HP: 12/19 MP: 5/13
   246 | D        | Reached XP level 4. HP: 16/24 MP: 5/14
   547 | D        | Found an opulent altar of Gozag.
   547 | D        | Found a hazy altar of Hepliaklqana.
   547 | D        | Found a burning altar of Makhleb.
   547 | D        | Found a sparkling altar of Nemelex Xobeh.
   547 | D        | Found a snail-covered altar of Cheibriados.
   547 | D        | Found a sacrificial altar of Ru.
   547 | D        | Found a shimmering blue altar of Sif Muna.
   547 | D        | Found a shimmering altar of Xom.
   547 | D        | Found a basalt altar of Yredelemnul.
   548 | D        | Found a viscous altar of Jiyva.
   548 | D        | Found a bloodstained altar of Trog.
   548 | D        | Found an ornate altar of the Wu Jian Council.
   549 | D        | Found an iron altar of Okawaru.
   549 | D        | Found a shadowy altar of Dithmenos.
   549 | D        | Found a glowing silver altar of Zin.
   550 | D        | Found an ancient bone altar of Kikubaaqudgha.
   550 | D        | Found a hide-covered altar of Uskayaw.
   551 | D        | Found a stormy altar of Qazlal.
   551 | D        | Found a glowing golden altar of the Shining One.
   551 | D        | Found a white marble altar of Elyvilon.
   552 | D        | Found a radiant altar of Vehumet.
   552 | D        | Found a corrupted altar of Lugonu.
   554 | D        | Became a worshipper of Sif Muna the Loreminder
   563 | D        | Killed from afar by an oklob sapling priest

Illustrated notes

Levels and vault maps discovered:
D:        dungeon_sprint_fedhas [sprint_temple]

Skill      XL: |  1  2 |
---------------+-------+-----
Dodging        | 3 4 |  4.4
Stealth        | 3 4 |  4.7
Spellcasting   | 4 6 |  6.6
Conjurations   | 5 6 |  6.6

Action                   |  1- 3 |  4- 6 || total
-------------------------+-------+-------++-------
 Cast: Magic Dart        |    12 |       ||    12
       Searing Ray       |     1 |     1 ||     2
 Abil: Evoke Invisibilit |       |     1 ||     1
  Use: Potion            |     2 |       ||     2
       Scroll            |     1 |       ||     1
Dodge: Dodged            |     7 |       ||     7
